 Dungeon Crawl Stone Soup version 0.23.0-3-gf3c87f2 (webtiles) character file.

Game seed: 729880859180116032

129125 Jaiteiro the Peltast (level 16, -9/138 HPs)
             Began as a Minotaur Fighter on Feb 23, 2019.
             Was the Champion of Makhleb.
             Killed from afar by a shock serpent (10 damage)
             ... with a bolt of electricity
             ... on level 4 of the Snake Pit.
             The game lasted 02:10:24 (25129 turns).

Jaiteiro the Peltast (Minotaur Fighter)            Turns: 25129, Time: 02:10:40

Health: -9/138     AC: 19    Str: 30    XL:     16   Next: 50%
Magic:  0/22       EV: 16    Int: 11    God:    Makhleb [******]
Gold:   1540       SH: 18    Dex: 14    Spells: 15/15 levels left

rFire    + + .     SeeInvis +   a - +7 trident of Watchfulness {pierce, Str+4 Int+4}
rCold    . . .     Gourm    .   q - +2 shield
rNeg     + . .     Faith    .   b - +4 scale mail "Raenuedu" {rF+ rN+ Int+2}
rPois    +         Spirit   +   W - +2 hat {SInv}
rElec    .         Reflect  .   O - scarf {Spirit}
rCorr    .         Harm     .   z - +0 pair of gloves
MR       ++...                  t - +2 pair of boots {run}
Stlth    ..........             G - amulet of rage
HPRegen  0.33/turn              o - ring of poison resistance
MPRegen  0.18/turn              K - ring of protection from magic

@: berserk cooldown, slowed, very slow
A: retaliatory headbutt, horns 2, agile 1, fire resistance 1
a: Minor Destruction, Lesser Servant of Makhleb, Major Destruction, Greater
Servant of Makhleb, Renounce Religion, Evoke Berserk Rage


You were on level 4 of the Snake Pit.
You worshipped Makhleb.
Makhleb was exalted by your worship.
You were very hungry.

You visited 4 branches of the dungeon, and saw 19 of its levels.

You collected 1540 gold pieces.

Inventory:

Hand Weapons
 a - the +7 trident of Watchfulness (weapon) {pierce, Str+4 Int+4}
   (You took it off a spriggan rider on level 1 of the Lair of Beasts)

   It inflicts extra damage upon your enemies.
   It affects your strength (+4).
   It affects your intelligence (+4).
 x - a +2 broad axe of electrocution
Missiles
 g - 682 stones (quivered)
 h - 100 sling bullets
 k - 15 tomahawks
 X - 2 javelins
Armour
 b - the +4 scale mail "Raenuedu" (worn) {rF+ rN+ Int+2}
   (You found it on level 4 of the Snake Pit)

   It affects your intelligence (+2).
   It protects you from fire.
   It protects you from negative energy.
 q - a +2 shield (worn)
 t - a +2 pair of boots of running (worn)
 z - a +0 pair of gloves (worn)
 O - a scarf of spirit shield (worn)
 V - +0 ice dragon scales
 W - a +2 hat of see invisible (worn)
Jewellery
 n - an uncursed ring of resist corrosion
 o - a ring of poison resistance (left hand)
 w - an uncursed ring of protection from fire
 B - an uncursed ring of positive energy
 G - an amulet of rage (around neck)
 K - a ring of protection from magic (right hand)
 L - a cursed amulet of inaccuracy {unknown}
 N - an uncursed ring of protection from fire
 Q - an uncursed ring of magical power
 T - an uncursed ring of ice
Wands
 D - a wand of flame (9)
 M - a wand of clouds (6)
 S - a wand of iceblast (23)
 Y - a wand of polymorph (2)
Scrolls
 e - 9 scrolls of teleportation
 i - 7 scrolls of remove curse
 j - 6 scrolls of identify
 l - 4 scrolls of enchant weapon
 p - 2 scrolls of blinking
 u - a scroll of fear
 v - a scroll of fog
 y - 3 scrolls of magic mapping
 Z - a scroll of silence
Potions
 d - 2 potions of might
 m - a potion of mutation
 r - a potion of berserk rage
 s - 2 potions of curing
 A - 3 potions of cancellation
 C - 2 potions of resistance
 E - 5 potions of flight
 F - 3 potions of haste
 H - 2 potions of agility
 I - 2 potions of heal wounds
 P - 3 potions of magic
 U - a potion of ambrosia {unknown}
Miscellaneous
 c - a fan of gales
Comestibles
 f - 31 rations


   Skills:
 + Level 11.6 Fighting
 - Level 15.7(16.6) Axes
 - Level 10.0(14.0) Polearms
 + Level 10.7 Armour
 + Level 8.8 Dodging
 * Level 18.4 Shields
 * Level 9.2 Invocations
 - Level 10.0 Evocations


You had 15 spell levels left.
You didn't know any spells.
Your spell library contained the following spells:

 Spells                   Type           Power        Failure   Level  Hunger
 Animate Skeleton         Necr           N/A          54%         1    ##.....
 Apportation              Tloc           #.....       54%         1    ##.....
 Confusing Touch          Hex            #.....       54%         1    ##.....
 Infusion                 Chrm           #...         54%         1    ##.....
 Sting                    Conj/Pois      #...         54%         1    ##.....
 Summon Small Mammal      Summ           #...         54%         1    ##.....
 Call Imp                 Summ           #.......     67%         2    ###....
 Poisonous Vapours        Pois/Air       #.....       67%         2    ###....
 Shroud of Golubria       Chrm/Tloc      #.........   67%         2    ###....
 Song of Slaying          Chrm           #.......     67%         2    ###....
 Call Canine Familiar     Summ           #.......     88%         3    ####...
 Confuse                  Hex            #.......     88%         3    ####...
 Conjure Flame            Conj/Fire      #.......     88%         3    ####...
 Gell's Gravitas          Tloc           #.........   88%         3    ####...
 Mephitic Cloud           Conj/Pois/Air  #.......     88%         3    ####...
 Regeneration             Chrm/Necr      #.........   88%         3    ####...
 Spectral Weapon          Hex/Chrm       #.......     88%         3    ####...
 Summon Guardian Golem    Hex/Summ       #.......     88%         3    ####...
 Olgreb's Toxic Radiance  Pois           #.......     99%         4    #####..
 Petrify                  Tmut/Erth      #.......     99%         4    #####..
 Summon Ice Beast         Ice/Summ       #.......     99%         4    #####..
 Summon Lightning Spire   Summ/Air       #.......     99%         4    #####..
 Irradiate                Conj/Tmut      #.........   100%        5    ######.
 Metabolic Englaciation   Hex/Ice        #.........   100%        5    ######.
 Venom Bolt               Conj/Pois      #.........   100%        5    ######.
 Yara's Violent Unravell  Hex/Tmut       #.........   100%        5    ######.
 Freezing Cloud           Conj/Ice/Air   #.........   100%        6    #######
 Hydra Form               Tmut           #.........   100%        6    #######
 Statue Form              Tmut/Erth      #........    100%        6    #######
 Dragon Form              Tmut           #.........   100%        7    #######
 Ring of Flames           Chrm/Fire      #.........   100%        7    #######


Dungeon Overview and Level Annotations

Branches:
Dungeon (8/15)             Temple (1/1) D:6            Lair (6/6) D:8
 Shoals (0/4) Lair:4        Snake (4/4) Lair:2        Slime (0/5) Lair:6

Altars:
Cheibriados
Kikubaaqudgha
Makhleb
Nemelex Xobeh
Qazlal
Trog
Uskayaw
Wu Jian
Yredelemnul
Jiyva

Shops:
D:6 *   Snake:3 [

Annotations:
Lair:4 2 transporters, runemage's ghost, journeyman GnFi


Innate Abilities, Weirdness & Mutations

You reflexively headbutt those who attack you in melee.
You have a pair of horns on your head.
You are agile. (Dex +2)
Your flesh is heat resistant. (rF+)


Message History

The black mamba bites you but does no damage.
The shock serpent bites you!
* * * LOW HITPOINT WARNING * * *
The shock serpent shocks you!
* * * LOW HITPOINT WARNING * * *
You block the anaconda's attack. The anaconda constricts you.
The anaconda barely misses you.
You escape the anaconda's grasp.
You block the anaconda's attack.
The anaconda bites you but does no damage.
You block the anaconda's attack. The anaconda misses you.
The shock serpent misses you. The anaconda grabs you.
You block the anaconda's attack. The anaconda constricts you.
You escape the anaconda's grasp.
The shock serpent shoots out a bolt of lightning at you!
The bolt of electricity hits you!!
* * * LOW HITPOINT WARNING * * *
The shock serpent shoots out a bolt of lightning at you!
The bolt of electricity hits you!
You die...

#(#..###...N...#
#)##..##.....#.###
#..##...##....)..######
#...###..#..##.#.##...# #####
#....###.N.....#......# ....###
#.....##.SS............
......#####......SS#............#
..).)...)().##).S..#.......##...#
))รท)........##..@......#...##...#
..).........##..........#...#####
.....######.#..)..#.#.#........##
###### #.#.<.#.#.#...##...#..#
#.....#.......##.......
#.....#######.[.......#
#.#...#######..........
#.#..())....#.......... ###
#.(.#######.###..#...##


You could see 2 anacondas, a shock serpent, 2 black mambas and a naga.

Vanquished Creatures
  Asterion (Snake:2)
  Gastronok (Lair:1)
  8 nagarajas
  Azrael (Snake:2)
  Josephine (Snake:1)
  Harold (Lair:2)
  14 naga warriors
  A great orb of eyes (Lair:6)
  3 hydras
  3 catoblepae
  12 anacondas
  An ice dragon (Lair:6)
  A queen ant (Lair:2)
  6 death yaks (Lair:4)
  7 naga sharpshooters
  4 shock serpents
  The ghost of MirrMurr the Sage, a journeyman SpEn of Sif Muna (Lair:1)
  A salamander mystic (Snake:3)
  A fire crab (Lair:6)
  9 naga ritualists
  2 lindwurms (Lair:6)
  Pikel (D:7)
  9 mana vipers
  10 salamanders
  2 manticores (Lair:6)
  A moth of wrath (Lair:1)
  9 elephants
  46 black mambas
  5 guardian serpents
  Joseph (Lair:1)
  18 naga magi
  An ice statue (Lair:6)
  7 torpor snails
  14 spiny frogs
  2 komodo dragons
  A freezing wraith (Lair:6)
  3 rime drakes
  5 polar bears
  11 hornets
  Grinder (D:6)
  4 blink frogs
  A hippogriff (shapeshifter) (Lair:6)
  3 tyrant leeches (Lair:6)
  7 hippogriffs
  5 wraiths (Snake:1)
  5 spriggans
  27 yaks
  3 wyverns
  4 fire elementals (Snake:2)
  3 basilisks
  A steam dragon (Lair:5)
  A hungry ghost (D:7)
  53 nagas
  Edmund (D:4)
  7 soldier ants (Lair:2)
  8 porcupines
  Duvessa (D:4)
  2 hell hounds (Snake:2)
  3 orc warriors
  13 water moccasins
  2 phantoms
  A sky beast (D:6)
  A black bear (Lair:3)
  8 ice beasts (Lair:6)
  3 slaves (D:7)
  A swamp drake (D:8)
  2 centaurs (D:7)
  6 necrophages (Lair:4)
  19 wolves
  4 ogres
  Blork the orc (D:4)
  14 crocodiles
  7 bullfrogs
  Dowan (D:4)
  A gnoll sergeant (D:8)
  2 scorpions (D:7)
  8 killer bees
  3 wights (D:7)
  A howler monkey (D:6)
  An electric eel (Lair:3)
  6 crimson imps
  A centaur zombie (D:8)
  A bullfrog zombie (D:7)
  3 hounds (D:7)
  4 orc priests (D:3)
  2 jellies (D:6)
  2 bullfrog skeletons
  A centaur skeleton (D:6)
  A gnoll shaman (D:5)
  Ijyb (D:3)
  Jessica (D:2)
  An iguana (D:4)
  Terence (D:2)
  11 orc wizards
  26 worker ants
  2 hound skeletons
  A worker ant zombie (D:7)
  16 adders
  15 gnolls
  3 shadow imps
  A white imp (Lair:6)
  An adder zombie (D:8)
  A worm (D:2)
  3 dart slugs
  10 leopard geckos
  31 orcs
  5 ball pythons
  4 giant cockroaches
  11 goblins
  7 hobgoblins
  7 jackals
  4 quokkas
  9 bats
  7 frilled lizards
  A jackal skeleton (D:6)
  7 kobolds
  2 quokka skeletons
  A quokka zombie (D:7)
  3 rats
  5 fungi
  2 plants (Lair:6)
685 creatures vanquished.

Vanquished Creatures (others)
  A black mamba (Snake:1)
  12 fungi
  18 plants
31 creatures vanquished.

Grand Total: 716 creatures vanquished

Notes
Turn   | Place    | Note
-------+----------+-------------------------------------------
     0 | D:1      | Jaiteiro the Minotaur Fighter began the quest for the Orb.
     0 | D:1      | Reached XP level 1. HP: 19/19 MP: 0/0
   162 | D:1      | Reached XP level 2. HP: 25/27 MP: 1/1
   171 | D:1      | Reached skill level 4 in Shields
   281 | D:1      | Reached XP level 3. HP: 33/33 MP: 2/2
   864 | D:2      | Reached XP level 4. HP: 22/40 MP: 3/3
  1130 | D:2      | Noticed Terence
  1133 | D:2      | Killed Terence
  1133 | D:2      | Reached XP level 5. HP: 46/46 MP: 4/4
  1184 | D:2      | Noticed Jessica
  1200 | D:2      | Killed Jessica
  1204 | D:2      | Reached skill level 5 in Axes
  1509 | D:3      | Reached skill level 5 in Shields
  1746 | D:3      | Noticed Ijyb
  1760 | D:3      | Killed Ijyb
  1760 | D:3      | Reached skill level 1 in Dodging
  1760 | D:3      | Reached XP level 6. HP: 49/52 MP: 5/5
  1775 | D:3      | Found a stormy altar of Qazlal.
  2607 | D:4      | Noticed Edmund
  2636 | D:4      | Killed Edmund
  2636 | D:4      | Reached XP level 7. HP: 37/60 MP: 6/6
  2642 | D:4      | Found a hide-covered altar of Uskayaw.
  2790 | D:4      | Reached skill level 5 in Armour
  2790 | D:4      | Reached skill level 6 in Shields
  2862 | D:4      | Noticed Blork the orc
  2871 | D:4      | Killed Blork the orc
  3299 | D:4      | Noticed Duvessa
  3299 | D:4      | Noticed Dowan
  3311 | D:4      | Killed Duvessa
  3316 | D:4      | Killed Dowan
  3316 | D:4      | Reached XP level 8. HP: 65/67 MP: 7/7
  3455 | D:5      | Entered Level 5 of the Dungeon
  3767 | D:5      | Found an ornate altar of the Wu Jian Council.
  3886 | D:5      | Reached skill level 5 in Fighting
  4085 | D:5      | Reached skill level 1 in Evocations
  4441 | D:5      | Got a jewelled ring mail
  4452 | D:5      | Identified the +5 ring mail "Babam" {rElec rF- rC- Stlth+}
                  | (You found it on level 5 of the Dungeon)
  4946 | D:6      | Reached skill level 7 in Shields
  5045 | D:6      | Noticed Grinder
  5060 | D:6      | Killed Grinder
  5060 | D:6      | Reached skill level 10 in Axes
  5060 | D:6      | Reached XP level 9. HP: 69/74 MP: 9/9
  5077 | D:6      | Found a staircase to the Ecumenical Temple.
  5097 | Temple   | Entered the Ecumenical Temple
  5122 | Temple   | Became a worshipper of Makhleb the Destroyer
  5745 | D:6      | Found Geanoiq's General Store.
  6323 | D:7      | Reached * piety under Makhleb
  6504 | D:7      | Reached skill level 8 in Shields
  6708 | D:7      | Noticed Pikel
  6739 | D:7      | Killed Pikel
  6867 | D:7      | Reached XP level 10. HP: 83/83 MP: 11/11
  6992 | D:7      | Reached ** piety under Makhleb
  7443 | D:8      | Found a snail-covered altar of Cheibriados.
  7647 | D:8      | Reached skill level 9 in Shields
  7672 | D:8      | Found a staircase to the Lair.
  8160 | Lair:1   | Entered Level 1 of the Lair of Beasts
  8175 | Lair:1   | Noticed Gastronok
  8188 | Lair:1   | Killed Gastronok
  8447 | Lair:1   | Noticed a spiny frog
  8455 | Lair:1   | Killed a spiny frog
  8455 | Lair:1   | Reached skill level 10 in Shields
  8455 | Lair:1   | Reached XP level 11. HP: 92/92 MP: 13/13
  8481 | Lair:1   | Noticed Joseph
  8491 | Lair:1   | Killed Joseph
  8491 | Lair:1   | Reached skill level 5 in Dodging
  8650 | Lair:1   | Reached skill level 5 in Evocations
  8925 | Lair:1   | Found a transporter.
  8926 | Lair:1   | Found a bloodstained altar of Trog.
  8928 | Lair:1   | Noticed MirrMurr's ghost (journeyman SpEn)
  8967 | Lair:1   | Identified the +7 trident of Watchfulness {pierce, Str+4
                  | Int+4}
  8967 | Lair:1   | Noticed a spriggan rider
  8982 | Lair:1   | Found a transporter.
  9109 | Lair:1   | Reached *** piety under Makhleb
  9607 | Lair:2   | Found a staircase to the Snake Pit.
  9960 | Lair:2   | Noticed a seven-headed hydra
  9976 | Lair:2   | Killed a seven-headed hydra
  9976 | Lair:2   | Reached skill level 11 in Shields
 10389 | Lair:2   | Noticed Harold
 10405 | Lair:2   | Killed Harold
 10409 | Lair:2   | Reached skill level 1 in Invocations
 10613 | Lair:2   | Reached XP level 12. HP: 85/101 MP: 11/15
 10669 | Lair:2   | Noticed a queen ant
 10679 | Lair:2   | Reached **** piety under Makhleb
 10684 | Lair:2   | Killed a queen ant
 11164 | Lair:3   | Reached skill level 12 in Shields
 11958 | Lair:4   | Found a staircase to the Shoals.
 11958 | Lair:4   | Noticed a catoblepas
 11977 | Lair:4   | Killed a catoblepas
 12503 | Lair:4   | Reached skill level 13 in Shields
 12517 | Lair:4   | Reached ***** piety under Makhleb
 12617 | Lair:4   | Noticed a death yak
 12618 | Lair:4   | Noticed a death yak
 12618 | Lair:4   | Noticed a death yak
 12618 | Lair:4   | Noticed a death yak
 12619 | Lair:4   | Noticed a death yak
 12620 | Lair:4   | Noticed a death yak
 12636 | Lair:4   | Killed a death yak
 12639 | Lair:4   | Killed a death yak
 12645 | Lair:4   | Killed a death yak
 12646 | Lair:4   | Killed a death yak
 12647 | Lair:4   | Killed a death yak
 12652 | Lair:4   | Killed a death yak
 12652 | Lair:4   | Reached XP level 13. HP: 73/110 MP: 6/17
 12872 | Lair:4   | Found a transporter.
 12874 | Lair:4   | Found a transporter.
 12875 | Lair:4   | Noticed runemage's ghost (journeyman GnFi)
 13198 | Lair:5   | Reached skill level 15 in Axes
 13463 | Lair:5   | Reached skill level 14 in Shields
 14467 | Lair:6   | Entered Level 6 of the Lair of Beasts
 14661 | Lair:6   | Found a viscous altar of Jiyva.
 14662 | Lair:6   | Found a staircase to the Slime Pits.
 14952 | Lair:6   | Reached skill level 5 in Invocations
 15387 | Lair:6   | Found a runed translucent door.
 15486 | Lair:6   | Reached skill level 15 in Shields
 15947 | Lair:6   | Paralysed by a hornet for 2 turns
 15985 | Lair:6   | Paralysed by a great orb of eyes for 5 turns
 16344 | Lair:6   | Reached skill level 10 in Fighting
 16355 | Lair:6   | Got a transparent scale mail
 16366 | Lair:6   | Identified the +2 scale mail of Ysos {Int+5} (You found it
                  | on level 6 of the Lair of Beasts)
 16435 | Lair:6   | Reached XP level 14. HP: 120/120 MP: 18/18
 16651 | Lair:6   | Noticed Nessos
 16683 | Lair:6   | Noticed Nessos
 16683 | Lair:6   | Nessos changed into Nessos the glowing shapeshifter
 16684 | Lair:6   | Noticed Nessos
 16684 | Lair:6   | Nessos the glowing shapeshifter changed into Nessos the
                  | guardian serpent
 16688 | Lair:6   | Noticed Nessos
 16688 | Lair:6   | Nessos the guardian serpent changed into Nessos the
                  | hippogriff
 16690 | Lair:6   | Killed Nessos the hippogriff
 17393 | Lair:6   | Paralysed by a hornet for 1 turns
 17597 | Lair:6   | Gained mutation: You are agile. (Dex +2) [potion of
                  | mutation]
 17597 | Lair:6   | Gained mutation: Your flesh is heat resistant. (rF+)
                  | [potion of mutation]
 17975 | Lair:1   | Killed MirrMurr's ghost
 18044 | Lair:1   | Identified a +1 pair of boots of running (You found it on
                  | level 1 of the Lair of Beasts)
 18116 | Snake:1  | Entered Level 1 of the Snake Pit
 18941 | Snake:1  | Reached skill level 1 in Polearms
 18941 | Snake:1  | Reached skill level 16 in Shields
 19027 | Snake:1  | Noticed Josephine
 19047 | Snake:1  | Killed Josephine
 19071 | Snake:1  | Reached ****** piety under Makhleb
 20118 | Snake:2  | Reached skill level 10 in Armour
 20139 | Snake:2  | Reached skill level 5 in Polearms
 20163 | Snake:2  | Noticed Azrael
 20179 | Snake:2  | Noticed Asterion
 20200 | Snake:2  | Killed Asterion
 20200 | Snake:2  | Reached XP level 15. HP: 128/128 MP: 12/20
 20205 | Snake:2  | Killed Azrael
 21609 | Snake:3  | Reached skill level 17 in Shields
 21715 | Snake:3  | Noticed a nagaraja
 21949 | Snake:3  | Killed a nagaraja
 22290 | Snake:3  | Got a transparent great sword
 22509 | Snake:3  | Found Fulah's Antique Armour Shop.
 22712 | Snake:4  | Entered Level 4 of the Snake Pit
 22932 | Snake:4  | HP: 1/129 [shock serpent/bolt of electricity (17)]
 23564 | Snake:4  | Reached XP level 16. HP: 137/137 MP: 22/22
 23983 | Snake:4  | Reached skill level 18 in Shields
 24745 | Snake:4  | Reached skill level 10 in Evocations
 24845 | Snake:4  | Got a crude scale mail
 24856 | Snake:4  | Identified the +4 scale mail "Raenuedu" {rF+ rN+ Int+2}
                  | (You found it on level 4 of the Snake Pit)
 24901 | Snake:4  | Reached skill level 10 in Polearms
 25129 | Snake:4  | HP: 1/138 [shock serpent/bolt of electricity (13)]
 25129 | Snake:4  | Killed from afar by a shock serpent

Skill      XL: |  1  2  3  4  5  6  7  8  9 10 11 12 13 14 15 16 |
---------------+-------------------------------------------------+-----
Shields        | 4 5 6 7 8 10 11 13 15 16 17 18 | 18.4
Axes           | 3 4 5 6 8 10 11 13 14 15 | 15.7
Armour         | 4 5 6 7 8 9 10 | 10.7
Fighting       | 4 5 6 7 8 9 10 11 | 11.6
Dodging        | 1 2 3 4 5 6 7 8 |  8.8
Evocations     | 2 3 4 5 6 7 8 9 10 | 10.0
Invocations    | 1 4 5 7 8 9 |  9.2
Polearms       | 5 8 10 | 10.0

Action                   |  1- 3 |  4- 6 |  7- 9 | 10-12 | 13-15 | 16-18 || total
-------------------------+-------+-------+-------+-------+-------+-------++-------
Melee: War axe           |    90 |   167 |   305 |       |       |       ||   562
       Headbutt          |     9 |    23 |    93 |   203 |   404 |    76 ||   808
       Whip              |       |       |     7 |     8 |   110 |       ||   125
       Hand axe          |       |       |    97 |   796 |   571 |       ||  1464
       Trident           |       |       |       |       |   827 |   271 ||  1098
Throw: Stone             |       |       |     1 |     2 |     1 |       ||     4
 Abil: Evoke Berserk Rag |       |       |     3 |     6 |    12 |     2 ||    23
Evoke: Wand              |       |       |       |       |     2 |       ||     2
       Fan of gales      |       |       |       |       |     1 |       ||     1
  Use: Scroll            |       |       |     2 |     4 |    16 |     1 ||    23
       Potion            |       |       |       |       |     9 |       ||     9
 Stab: Sleeping          |       |       |       |       |     1 |       ||     1
  Eat: Chunk             |       |     6 |    19 |    23 |    28 |     2 ||    78
       Ration            |       |       |       |       |     6 |     1 ||     7
Armor: Scale mail        |    44 |    70 |    19 |       |       |     8 ||   141
       Ring mail         |       |       |    83 |   186 |    97 |       ||   366
       Ice dragon scales |       |       |       |       |   264 |    27 ||   291
       Leather armour    |       |       |       |       |     3 |       ||     3
       Skin              |       |       |       |       |     9 |       ||     9
Dodge: Dodged            |    27 |    50 |   119 |   276 |   499 |    63 ||  1034
Block: Shield            |    57 |    81 |   179 |   405 |   996 |   187 ||  1905
